 Dungeon Crawl Stone Soup version 0.32-a0-422-g28b100f618 (webtiles) character file.

Game seed: 7950712596067445571

3093 Drazool the Carver (level 9, -5/68 HPs)
             Began as a Coglin Gladiator on Feb 21, 2024.
             Was a Believer of Okawaru.
             Slain by a sixfirhy (12 damage)
             ... summoned by an orc high priest
             ... in a bailey.
             The game lasted 00:27:37 (6019 turns).

Drazool the Carver (Coglin Gladiator)               Turns: 6019, Time: 00:27:38

Health: -5/68      AC:  6    Str: 15    XL:     9   Next: 90%
Magic:  9/9        EV: 13    Int:  2    God:    Okawaru [**....]
Gold:   315        SH:  4    Dex: 26    Spells: 8/8 levels left

rFire   . . .        a - +0 long sword {Edeltraud}
rCold   x . .        t - +3 dagger (speed) {Huemac}
rNeg    + . .        q - +0 troll leather armour {Pargi}
rPois   +            c - +0 helmet
rElec   .            (no cloak)
rCorr   .            n - +1 pair of gloves
SInv    +            (no boots)
Will    +....        (no amulet)
Stlth   ++           r - ring of Xom's Malicious Joy {rN+ Will+ Int-5 SInv}
HPRegen 1.11/turn    D - +6 ring of dexterity
MPRegen 0.11/turn

%: no passive effects
@: about to teleport, immotile, revved
A: off-hand wielding, slow wielding, warmup strikes, legs shutdown, large bone
plates 1, high MP 1, poison resistance, cold vulnerability 1, MP-powered wands
a: Renounce Religion, Heroism


You were in a bailey.
You worshipped Okawaru.
Okawaru was pleased with you.
You visited 2 branches of the dungeon, and saw 9 of its levels.
You also visited: Sewer and Bailey.

You collected 359 gold pieces.
You spent 44 gold pieces at shops.


Innate Abilities, Weirdness & Mutations

You can wield a second weapon in your off-hand.
It takes a long time for you to wield or remove held weapons.
Your first few attacks do less damage.
Attacking and casting redirects power from your legs.
You are partially covered in large bone plates. (SH +4)
You have an increased reservoir of magic. (+10% MP)
Your system is resistant to poisons. (rPois)
You are vulnerable to cold. (rC-)
You expend magic power (3 MP) to strengthen your wands.


   Skills:
 + Level 5.2 Fighting
 - Level 12.8 Long Blades
 - Level 1.7 Throwing
 - Level 2.6 Dodging


You had 8 spell levels left.
You didn't know any spells.
Your spell library contained the following spells:

 Spells                   Type           Power      Damage    Failure   Level
 Blink                    Tloc           0%         N/A       77%         2
 Lesser Beckoning         Tloc           0%         N/A       77%         2
 Mercury Vapours          Alch/Air       0%         N/A       77%         2
 Momentum Strike          Conj/Tloc      0%         3d8       77%         2
 Mephitic Cloud           Conj/Alch/Air  0%         N/A       94%         3
 Freezing Cloud           Conj/Ice/Air   0%         6-21      100%        5

Inventory:

Hand Weapons
 a - a +0 long sword (weapon) {Edeltraud}
 p - a +0 dagger {Olaf}
 t - a +3 dagger of speed (offhand) {Huemac}
Missiles
 d - 3 throwing nets {=f}
 e - a javelin
 w - a curare-tipped dart {=f}
 x - 27 poisoned darts (quivered)
 J - 7 boomerangs
Armour
 c - a +0 helmet (worn)
 n - a +1 pair of gloves (worn)
 q - a +0 troll leather armour (worn) {Pargi}
Jewellery
 r - the ring of Xom's Malicious Joy (left grasper) {rN+ Will+ Int-5 SInv}
   (You found it on level 6 of the Dungeon)

   [ring of see invisible]

   Int-5:     It affects your intelligence (-5).
   rN+:       It protects you from negative energy.
   Will+:     It increases your willpower.
   SInv:      It lets you see invisible.
 D - a +6 ring of dexterity (right grasper)
 F - a ring of fire
 R - a ring of resist corrosion
Wands
 b - a wand of quicksilver (7)
 H - a wand of polymorph (7)
Scrolls
 g - 2 scrolls of enchant armour
 h - 2 scrolls of blinking
 i - a scroll of revelation
 j - a scroll of immolation
 k - 2 scrolls of noise
 l - a scroll of brand weapon {unknown}
 m - a scroll of amnesia
 s - 2 scrolls of fog
 u - a scroll of vulnerability {unknown}
 y - a scroll of enchant weapon {unknown}
 G - a scroll of poison
Potions
 o - 2 potions of degeneration {unknown}
 v - a potion of lignification
 z - 2 potions of invisibility {unknown}
 A - a potion of curing {@q1}
 B - 3 potions of resistance {unknown}
 C - 2 potions of heal wounds {@q2}
 E - a potion of might {unknown}
 I - a potion of haste {unknown}

Dungeon Overview and Level Annotations

Branches:
Dungeon (8/15)             Temple (1/1) D:6           Sewer (visited)
 Bailey (1/1)
   Lair: D:8-11

Altars:
Ashenzari
Cheibriados
Dithmenos
Fedhas
Gozag
Hepliaklqana
Makhleb
Nemelex Xobeh
Okawaru
Qazlal
Ru
Trog
Uskayaw
Vehumet
Wu Jian
Xom
Yredelemnul
Zin
The Shining One
Beogh

Shops:
D:2 :   D:5 ?   D:7 (

Annotations:
D:7 2 transporters

≈
≈≈≈≈≈≈≈≈≈≈≈≈≈≈≈≈≈≈≈≈≈≈≈
≈≈≈≈≈≈≈≈≈≈≈≈≈≈≈≈≈≈≈≈≈≈≈
≈≈≈≈≈≈≈≈≈≈≈≈≈≈≈≈≈≈≈≈≈≈≈
≈≈≈≈≈≈≈≈≈≈≈≈≈≈≈≈≈≈≈≈≈≈≈
≈≈≈≈≈≈≈≈≈≈≈≈≈≈≈≈≈≈≈≈≈≈
≈≈≈≈≈≈≈≈≈≈≈≈≈≈≈≈≈≈≈≈≈
▒▒▒▒)~~~~~~~~~~†~▒▒▒▒
▒.o3@............)..▒
▒.o▒▒▒▒▒▒▒▒▒▒▒▒▒▒▒..▒
▒.4. ▒... ▒.4 ▒... ▒.
▒▒▒▒ ≈~ ≈


You could see an orc high priest, a sixfirhy (summoned), a red devil (summoned),
a chaos spawn (summoned) and an orc warrior.


Message History

As you read the scroll of teleportation {@r2}, it crumbles to dust.
You feel strangely unstable.
You are no longer unable to travel.
Unknown command.
You closely miss the sixfirhy with your +0 long sword.
You completely miss the sixfirhy with your +3 dagger of speed.
You miss the sixfirhy with your +0 long sword.
You barely miss the sixfirhy with your +3 dagger of speed.
You miss the sixfirhy with your +0 long sword.
You completely miss the sixfirhy with your +3 dagger of speed.
The sixfirhy hits you. The sixfirhy shocks you! The sixfirhy hits you!
The sixfirhy shocks you!
You hit the sixfirhy but do no damage.
You closely miss the sixfirhy with your +3 dagger of speed.
The sixfirhy misses you. The sixfirhy barely misses you.
The orc high priest mumbles some strange prayers to Beogh.
You hit the sixfirhy with your +3 dagger of speed.
The sixfirhy is lightly wounded.
You closely miss the sixfirhy with your +0 long sword.
The sixfirhy closely misses you. The sixfirhy misses you.
The sixfirhy hits you!
* * * LOW HITPOINT WARNING * * *
The sixfirhy shocks you!
* * * LOW HITPOINT WARNING * * *
You closely miss the sixfirhy with your +0 long sword.
You miss the sixfirhy with your +3 dagger of speed.
The sixfirhy hits you!
* * * LOW HITPOINT WARNING * * *
The sixfirhy shocks you!
You die...

Skill      XL: |  1  2  3  4  5  6  7  8  9 |
---------------+----------------------------+-----
Long Blades    | 4 6 7 9 11 12 | 12.8
Fighting       | 5 |  5.2
Throwing       | |  1.7
Dodging        | |  2.6

Action                     |  1- 3 |  4- 6 |  7- 9 || total
---------------------------+-------+-------+-------++-------
  Melee: Long sword        |    77 |    66 |   346 ||   489
         Dagger            |    22 |    64 |   329 ||   415
  Throw: Dart              |       |       |    18 ||    18
  Evoke: Wand              |       |       |     3 ||     3
    Use: Potion            |       |     6 |     2 ||     8
         Scroll            |       |       |    12 ||    12
   Stab: Sleeping          |     2 |       |     3 ||     5
 Armour: Leather armour    |    38 |    34 |       ||    72
         Skin              |       |     6 |       ||     6
         Troll leather arm |       |     7 |   142 ||   149
  Dodge: Dodged            |    50 |    41 |   147 ||   238
  Block: Other             |       |     6 |    42 ||    48

Levels and vault maps discovered:
D:1:      scummos_arrival_hexagon, layout_basic
D:2:      layout_loops_cross, serial_forest, infiniplex_forest_clump_diagonal,
          infiniplex_forest_3_way, infiniplex_forest_lined_ring,
          infiniplex_forest_straight_3, infiniplex_forest_clump_small,
          infiniplex_forest_lined_1, shapermc_ecumenical_altar_totnotflames,
          nicolae_shop_vocational
D:3:      layout_basic, uniq_pargi, uniq_grinder
D:4:      layout_loops_ring, portal_sewer_entry_a, nicolae_grassy_gnolls
D:5:      layout_cave_pools, minmay_overflow_temple_star_hex,
          nicolae_nh_oracle_at_delphi, uniq_edmund
D:6:      layout_loops_cross, minmay_temple_entry_slanted,
          serial_library_hellmonk_reading_circle
D:7:      gammafunk_beogh_shrine, layout_basic, serial_shops, shop_statue,
          chequers_jeans, kennysheep_generic_room_4, uniq_prince_ribbit1
D:8:      layout_gridville, kennysheep_little_box,
          hellmonk_ghost_happy_afterlife, enter_bailey_5, kennysheep_path_1
Temple:   nicolae_temple_bog_church
Bailey:   bailey_axe_of_yendor_kennysheep, bailey

Notes
Turn   | Place    | Note
-------+----------+-------------------------------------------
     0 | D:1      | Drazool the Coglin Gladiator began the quest for the Orb.
     0 | D:1      | Reached XP level 1. HP: 16/16 MP: 1/1
    68 | D:1      | Reached XP level 2. HP: 10/22 MP: 2/2
   803 | D:2      | Reached skill level 4 in Long Blades
   818 | D:2      | Reached XP level 3. HP: 27/27 MP: 3/3
   881 | D:2      | Found a faded altar of an unknown god.
   913 | D:2      | Found Supnalec's Vocational Training.
  1363 | D:2      | Reached XP level 4. HP: 33/33 MP: 4/4
  1694 | D:3      | Reached skill level 5 in Long Blades
  1838 | D:3      | Noticed Grinder
  1857 | D:3      | Gained mutation: You possess an exceptional clarity of
                  | mind. [potion of mutation]
  1857 | D:3      | Gained mutation: Your system is resistant to poisons.
                  | (rPois) [potion of mutation]
  1857 | D:3      | Gained mutation: You have a beak for a mouth. [potion of
                  | mutation]
  1858 | D:3      | Lost mutation: You possess an exceptional clarity of mind.
                  | [potion of mutation]
  1858 | D:3      | Lost mutation: You have a beak for a mouth. [potion of
                  | mutation]
  1858 | D:3      | Lost mutation: Your system is resistant to poisons. (rPois)
                  | [potion of mutation]
  1858 | D:3      | Gained mutation: You are partially covered in large bone
                  | plates. (SH +4) [potion of mutation]
  1858 | D:3      | Gained mutation: You have a pair of small antennae on your
                  | head. [potion of mutation]
  1858 | D:3      | Gained mutation: You are vulnerable to cold. (rC-) [potion
                  | of mutation]
  1858 | D:3      | Gained mutation: You are robust. (+10% HP) [potion of
                  | mutation]
  1859 | D:3      | Lost mutation: You are vulnerable to cold. (rC-) [potion of
                  | mutation]
  1859 | D:3      | Lost mutation: You are robust. (+10% HP) [potion of
                  | mutation]
  1859 | D:3      | Gained mutation: Your muscles are strong. (Str +4, Int/Dex
                  | -1) [potion of mutation]
  1859 | D:3      | Gained mutation: You expend magic power (3 MP) to
                  | strengthen your wands. [potion of mutation]
  1859 | D:3      | Gained mutation: You are vulnerable to cold. (rC-) [potion
                  | of mutation]
  1859 | D:3      | Gained mutation: Your system is resistant to poisons.
                  | (rPois) [potion of mutation]
  1880 | D:3      | Killed Grinder
  1881 | D:3      | Reached skill level 6 in Long Blades
  1881 | D:3      | Reached XP level 5. HP: 28/38 MP: 5/5
  1881 | D:3      | Reached XP level 6. HP: 33/44 MP: 6/6
  1991 | D:3      | Noticed Pargi
  2003 | D:3      | Killed Pargi
  2004 | D:3      | Reached skill level 7 in Long Blades
  2238 | D:3      | You fall into a shaft and drop 3 floors!
  2244 | D:6      | Identified the ring of Xom's Malicious Joy {rN+ Will+ Int-5
                  | SInv}
  2336 | D:6      | Reached XP level 7. HP: 46/50 MP: 7/7
  2366 | D:6      | Reached skill level 8 in Long Blades
  2534 | D:6      | Found a staircase to the Ecumenical Temple.
  2549 | Temple   | Entered the Ecumenical Temple
  2575 | Temple   | Became a worshipper of Warmaster Okawaru
  2658 | D:6      | Reached skill level 9 in Long Blades
  2685 | D:6      | Reached XP level 8. HP: 54/56 MP: 8/8
  2873 | D:5      | Entered Level 5 of the Dungeon
  2940 | D:4      | Reached skill level 10 in Long Blades
  2990 | D:4      | Found a glowing drain.
  3016 | Sewer    | Entered a sewer
  3144 | Sewer    | Reached * piety under Okawaru
  3632 | D:3      | Upgraded the game from 0.32-a0-411-g744942f433 to
                  | 0.32-a0-422-g28b100f618
  3695 | D:4      | Reached skill level 11 in Long Blades
  3822 | D:4      | Reached XP level 9. HP: 61/61 MP: 9/9
  4185 | D:5      | Noticed Edmund
  4207 | D:5      | Killed Edmund
  4208 | D:5      | Reached skill level 12 in Long Blades
  4228 | D:5      | Found a broken altar of Ashenzari.
  4233 | D:5      | Found a blossoming altar of Fedhas.
  4233 | D:5      | Found a glowing silver altar of Zin.
  4244 | D:5      | Found a sparkling altar of Nemelex Xobeh.
  4247 | D:5      | Found a hazy altar of Hepliaklqana.
  4369 | D:5      | Found The Oracle's Delphic Readings.
  4380 | D:5      | Bought 2 scrolls of identify for 44 gold pieces
  4931 | D:6      | Lost mutation: You have a pair of small antennae on your
                  | head. [potion of mutation]
  4931 | D:6      | Lost mutation: Your muscles are strong. (Str +4, Int/Dex
                  | -1) [potion of mutation]
  4931 | D:6      | Gained mutation: You have an increased reservoir of magic.
                  | (+10% MP) [potion of mutation]
  4987 | D:7      | Reached ** piety under Okawaru
  5046 | D:7      | Noticed Prince Ribbit
  5056 | D:7      | Killed Prince Ribbit
  5149 | D:7      | Found a transporter.
  5153 | D:7      | Found a transporter.
  5200 | D:7      | Found Birgh's Antique Weapon Boutique.
  5445 | D:7      | Reached skill level 3 in Fighting
  5499 | D:7      | Found a roughly hewn altar of Beogh.
  5499 | D:7      | Noticed a two-headed ogre
  5807 | D:8      | Reached skill level 4 in Fighting
  5816 | D:8      | Found a flagged portal.
  5852 | Bailey   | Entered a bailey
  6007 | Bailey   | Noticed an orc high priest
  6010 | Bailey   | Reached skill level 5 in Fighting
  6010 | Bailey   | Noticed a sixfirhy
  6018 | Bailey   | Noticed a red devil
  6019 | Bailey   | Slain by a sixfirhy

Vanquished Creatures
  Prince Ribbit (D:7)
  Grinder (D:3)
  A steam dragon (D:8)
  Edmund (D:5)
  A water moccasin (D:7)
  Pargi (D:3)
  2 orc warriors (Bailey)
  An ice beast (D:6)
  A black bear (D:5)
  2 ogres
  A centaur (D:6)
  3 phantoms
  4 kobold brigands
  A bullfrog (D:6)
  A gnoll sergeant (D:4)
  2 scorpions
  A wight (D:7)
  A howler monkey (D:6)
  4 hounds
  2 orc priests (D:4)
  A gnoll bouda (D:5)
  A jelly (D:6)
  A sleepcap (D:7)
  3 iguanas
  An orc wizard (D:4)
  7 gnolls
  12 adders
  3 river rats
  2 ufetubi (D:7)
  3 dart slugs
  6 ribbon worms
  11 orcs
  10 ball pythons
  5 endoplasms
  2 giant cockroaches
  8 goblins
  3 hobgoblins
  4 jackals (D:2)
  18 kobolds
  4 quokkas
  5 bats
  4 frilled lizards
  8 rats
154 creatures vanquished.

Vanquished Creatures (others)
  An adder (Bailey)
  A goblin (D:4)
2 creatures vanquished.

Grand Total: 156 creatures vanquished

Table legend: (Time is in decaauts)
 A = Elapsed time spent in this place.
 B = Non-inter-level travel time spent in this place.
 C = Inter-level travel time spent in this place.
 D = Time resting spent in this place.
 E = Time spent auto-exploring this place.
 F = Levels seen in this place.
 G = Mean time per level.
                   A        B        C        D        E       F      G
               +--------+--------+--------+--------+--------+-----+--------+
         Total |   6010 |   5861 |    149 |     98 |   4111 |  11 |  546.4 |
       Dungeon |   5342 |   5193 |    149 |      3 |   3989 |   8 |  667.8 |
        Temple |     65 |     65 |      0 |      8 |      4 |   1 |   65.0 |
         Sewer |    447 |    447 |      0 |     15 |    106 |   1 |  447.0 |
        Bailey |    154 |    154 |      0 |     72 |     11 |   1 |  154.0 |
               +--------+--------+--------+--------+--------+-----+--------+

Top non-repeatable levels by time:
     D:2: 849 daAuts
     D:6: 843 daAuts
     D:3: 804 daAuts
     D:1: 803 daAuts
     D:7: 791 daAuts
     D:4: 665 daAuts
     D:5: 526 daAuts
   Sewer: 447 daAuts
  Bailey: 154 daAuts
  Temple: 65 daAuts
     D:8: 58 daAuts

Table legend:
 A = Non-vault XP
 B = Vault XP
 C = Vault XP percentage of total XP
 D = Non-vault monster count
 E = Vault monster count
 F = Vault count percentage of total count
                 A         B        C        D         E       F
            +---------+---------+-------+---------+---------+-------
      Total |    2545 |    1874 |  42.4 |     109 |      47 |  30.1
            +---------+---------+-------+---------+---------+-------
        D:1 |      27 |       0 |   0.0 |      10 |       0 |   0.0
        D:2 |      65 |       0 |   0.0 |      24 |       0 |   0.0
        D:3 |      82 |     410 |  83.3 |      15 |       2 |  11.8
        D:4 |     555 |     152 |  21.5 |      18 |       9 |  33.3
        D:5 |     273 |     218 |  44.4 |       7 |       3 |  30.0
        D:6 |     848 |       0 |   0.0 |      20 |       0 |   0.0
        D:7 |     466 |     360 |  43.6 |      11 |       2 |  15.4
        D:8 |     184 |      10 |   5.2 |       1 |       4 |  80.0
     Temple |      45 |       0 |   0.0 |       3 |       0 |   0.0
      Sewer |       0 |     400 | 100.0 |       0 |      21 | 100.0
     Bailey |       0 |     324 | 100.0 |       0 |       6 | 100.0
            +---------+---------+-------+---------+---------+-------
